 Dungeon Crawl Stone Soup version 0.31-a0-4-gefa6de2278 (webtiles) character file.

Game seed: 4737151481451687890

35 Dittersdorf the Shield-Bearer (level 3, 0/24 HPs)
             Began as a Gargoyle Fighter on May 3, 2023.
             Killed from afar by Natasha (5 damage)
             ... with a magic dart
             ... on level 2 of the Dungeon.
             The game lasted 00:01:03 (1071 turns).

Dittersdorf the Shield-Bearer (Gargoyle Fighter)    Turns: 1071, Time: 00:01:03

Health: 0/24       AC: 14    Str: 21    XL:     3   Next: 33%
Magic:  0/3        EV:  9    Int:  8    God:
Gold:   42         SH:  4    Dex:  9    Spells: 2/2 levels left

rFire   . . .        a - +0 flail
rCold   . . .        c - +0 buckler
rNeg    + . .        b - +0 scale mail
rPois   ∞            h - +2 helmet
rElec   +            m - +0 cloak
rCorr   .            (no gloves)
SInv    .            (no boots)
Will    .....        g - amulet of guardian spirit Stlth
                     (no ring)
HPRegen 0.24/turn    (no ring)
MPRegen 0.08/turn

%: guardian spirit
@: slowed, very slow
A: sickness immunity, AC +3, negative energy resistance 1, electricity
resistance, torment resistance 1, petrification resistance
a: no special abilities


You were on level 2 of the Dungeon.
You visited 1 branch of the dungeon, and saw 2 of its levels.

You collected 42 gold pieces.

Inventory:

Hand Weapons
 a - a +0 flail (weapon)
Missiles
 j - 4 poisoned darts (quivered)
Armour
 b - a +0 scale mail (worn)
 c - a +0 buckler (worn)
 h - a +2 helmet (worn)
 m - a +0 cloak (worn)
Jewellery
 g - an amulet of guardian spirit (around neck)
Scrolls
 f - a scroll of vulnerability {unknown}
 k - a scroll of poison {unknown}
 l - a scroll of fear {unknown}
 n - 2 scrolls of blinking {unknown}
Potions
 d - a potion of might
 e - 2 potions of haste {unknown}
 i - a potion of berserk rage {unknown}


   Skills:
 + Level 3.6 Fighting
 + Level 2.4 Maces & Flails
 + Level 3.7 Armour
 + Level 3.7 Shields


You had 2 spell levels left.
You didn't know any spells.
Your spell library was empty.

Dungeon Overview and Level Annotations

Branches:
Dungeon (2/15)

Altars:

Annotations:
D:2 Natasha


Innate Abilities, Weirdness & Mutations

You are immune to sickness and miasma.
Your stone body is resilient. (AC +3)
You are immune to poison.
You resist negative energy. (rN+)
You are resistant to electric shocks. (rElec)
You are resistant to unholy torment.
You are immune to petrification.


Message History

You are too injured to fight recklessly!
You are too injured to fight recklessly!
You are too injured to fight recklessly!
You are too injured to fight recklessly!
You are too injured to fight recklessly!
You are too injured to fight recklessly!
You are too injured to fight recklessly!
You are too injured to fight recklessly!
You are too injured to fight recklessly!
You are too injured to fight recklessly!
You are too injured to fight recklessly!
You are too injured to fight recklessly!
You thump Natasha!
Natasha is almost dead.
Natasha claws you but does no damage.
You barely miss Natasha.
Natasha is almost dead.
Natasha casts a spell.
You closely miss Natasha.
Natasha is almost dead.
Natasha mumbles some strange words.
You barely miss Natasha.
Natasha is almost dead.
Natasha stares at you and mumbles some strange words.
You feel yourself slow down.
The cerulean imp hits you but does no damage.
A jackal comes into view.
The cerulean imp hits you with a +2 spear.
Natasha mumbles some strange words.
You closely miss Natasha.
Natasha is almost dead.
The cerulean imp hits you but does no damage. x2
Natasha claws you but does no damage.
The cerulean imp hits you but does no damage.
The cerulean imp hits you from afar with a +1 spear.
* * * LOW HITPOINT WARNING * * *
You block the cerulean imp's attack. Natasha casts a spell at you.
The magic dart hits you.
You die...

...... .# .!.#... .##
.#...#. ..#
...#....#.##
..#...#.....#
#.....5.#5#.##
.....#.#..h....#
...#.....#@..#.#
.#....#...5#...#
#...#..h..#...#.#
....).#.#..†....# .
.#.#.......#.#.## #
#.....#...#.....## .
....#....#....#.....
#
..#.....#...#.....###
. ....#.#.......#.#.#


You could see Natasha, 3 cerulean imps and a jackal.

Vanquished Creatures
  A gnoll (D:1)
  2 ball pythons (D:2)
  2 endoplasms (D:1)
  A goblin (D:1)
  4 hobgoblins
  3 jackals (D:2)
  4 kobolds
  A quokka (D:1)
  A bat (D:2)
  A rat (D:1)
20 creatures vanquished.

Notes
Turn   | Place    | Note
-------+----------+-------------------------------------------
     0 | D:1      | Dittersdorf the Gargoyle Fighter began the quest for the
                  | Orb.
     0 | D:1      | Reached XP level 1. HP: 14/14 MP: 1/1
    62 | D:1      | Reached XP level 2. HP: 19/19 MP: 2/2
   644 | D:1      | Reached XP level 3. HP: 23/23 MP: 3/3
  1056 | D:2      | Noticed Natasha
  1071 | D:2      | Killed from afar by Natasha

Illustrated notes

Levels and vault maps discovered:
D:1:      ebering_trefoil_3fold, layout_basic
D:2:      layout_loops_ring, basic_ecumenical_altar,
          nicolae_kite_square_tiling_tiny, serial_bayou_lagoon_a, uniq_natasha

Action                     || total
---------------------------++-------
  Melee: Flail             ||    67
 Armour: Scale mail        ||    40
  Dodge: Dodged            ||    34
  Block: Buckler           ||     7

Table legend: (Time is in decaauts)
 A = Elapsed time spent in this place.
 B = Non-inter-level travel time spent in this place.
 C = Inter-level travel time spent in this place.
 D = Time resting spent in this place.
 E = Time spent auto-exploring this place.
 F = Levels seen in this place.
 G = Mean time per level.
                   A        B        C        D        E       F      G
               +--------+--------+--------+--------+--------+-----+--------+
         Total |   1091 |   1076 |     15 |      0 |    894 |   2 |  545.5 |
       Dungeon |   1091 |   1076 |     15 |      0 |    894 |   2 |  545.5 |
               +--------+--------+--------+--------+--------+-----+--------+

Top non-repeatable levels by time:
     D:1: 897 daAuts
     D:2: 193 daAuts
